Map: Neon Violet Square LE

Players

Lirik

  • Race: Protoss Protoss
  • League: Master
  • Spawn Location: 5:00

Neuro - Winner!

  • Race: Zerg Zerg
  • League: Grandmaster
  • Spawn Location: 11:00

VOD

Have the link to the VOD?

Description

Time

  • Played on: April 26, 2018, 3:26 p.m.
  • Length: 37:13
Show
View Real Time Build Order
Export as new Build Order

Lirik Protoss 

Build Orders: 1 Gate Expand, Oracle Opening, Phoenix Opening, Zealot Archon 

Get SALT Encoding   

  12  0:00  Probe  
  13  0:12  Probe  
  14  0:22  Pylon  
  14  0:24  Probe  
  15  0:40  Probe  
  16  0:44  Gateway  
  16  0:51  Probe  
  16  0:52  Assimilator  
  17  0:59  Probe  
  18  1:14  Probe  
  19  1:27  Probe  
  20  1:33  Nexus  
  20  1:41  Cybernetics Core  
  20  1:44  Probe  
  21  1:52  Assimilator  
  21  1:56  Probe  
  22  2:05  Pylon  
  22  2:12  Probe  
  22  2:15  Adept  
  23  2:25  Probe  
  26  2:39  Stargate, Probe  
  26  2:42  Adept  
  29  2:49  Probe  
  29  2:51  Probe  
  31  2:53  Warp Gate  
  31  2:59  Pylon  
  31  3:00  Probe  
  31  3:03  Probe  
  33  3:08  Probe  
  33  3:10  Oracle  
  34  3:15  Probe  
  34  3:16  Probe  
  39  3:27  Probe x2  
  39  3:30  Gateway  
  39  3:32  Shield Battery  
  41  3:38  Assimilator  
  41  3:39  Probe x2  
  41  3:40  Phoenix  
  43  3:42  Assimilator  
  45  3:51  Probe x2  
  47  3:59  Pylon  
  47  4:03  Probe x2  
  49  4:15  Probe  
  49  4:16  Probe  
  51  4:21  Pylon  
  51  4:22  Twilight Council  
  51  4:28  Probe  
  51  4:30  Gateway x2  
  53  4:36  Probe  
  53  4:37  Robotics Facility  
  53  4:48  Probe  
  54  4:57  Adept x2  
  58  5:02  Nexus  
  58  5:06  Probe x2  
  60  5:12  Pylon  
  60  5:13  Charge  
  60  5:17  Templar Archives  
  60  5:18  Probe  
  60  5:19  Probe  
  62  5:23  Pylon  
  62  5:30  Warp Prism, Probe  
  62  5:34  Probe  
  66  5:37  Assimilator  
  66  5:41  Assimilator  
  66  5:46  Psionic Storm  
  66  5:49  Probe x2  
  68  5:58  High Templar x4  
  68  6:01  Probe  
  77  6:06  Probe  
  77  6:09  Archon x2  
  77  6:11  Immortal  
  82  6:13  Probe  
  82  6:14  Robotics Facility  
  82  6:15  Probe  
  84  6:29  Probe x3  
  87  6:41  Probe x3  
  90  6:50  High Templar x3  
  90  6:53  Probe x2  
  98  7:14  Probe  
  99  7:18  Probe  
  99  7:22  Pylon  
  100  7:25  Gateway, Pylon  
  100  7:26  Gateway  
  100  7:28  Pylon  
  100  7:34  Fleet Beacon  
  100  7:40  Immortal x2  
  100  7:41  Nexus  
  100  7:43  Pylon  
  106  7:46  Pylon  
  106  7:47  High Templar x2  
  110  7:57  Forge  
  110  7:59  Pylon  
  110  8:02  Gateway  
  110  8:05  Zealot x2  
  110  8:10  Mothership, Pylon  
  110  8:12  Nexus  
  114  8:15  Assimilator  
  114  8:19  Immortal x2, Assimilator  
  122  8:25  Shield Battery  
  122  8:26  Shield Battery  
  122  8:27  Zealot x3  
  125  8:54  High Templar  
  125  8:55  High Templar x4  
  121  8:57  Probe x2  
  121  9:00  Archon x2  
  121  9:01  Phoenix  
  121  9:02  Protoss Ground Weapons Level 1  
  113  9:05  Probe x2  
  117  9:13  Probe  
  117  9:15  Probe  
  117  9:20  Nexus  
  117  9:21  Probe  
  119  9:27  Probe  
  119  9:28  Stargate  
  119  9:30  Stargate  
  121  9:32  Probe  
  121  9:38  Graviton Catapult  
  122  9:39  Probe  
  122  9:42  Probe  
  124  9:50  Probe  
  124  9:51  Probe, Pylon  
  125  9:57  Observer  
  125  9:58  Probe  
  125  9:59  Gateway  
  126  10:01  Probe  
  126  10:03  Probe  
  126  10:04  Observer  
  126  10:06  Photon Cannon  
  131  10:08  Carrier  
  131  10:10  Assimilator  
  131  10:12  Stargate  
  137  10:14  Assimilator  
  137  10:21  Carrier  
  137  10:25  High Templar x2  
  147  10:36  Probe  
  147  10:39  Archon, Zealot x2  
  147  10:40  Zealot  
  146  10:50  Photon Cannon x2  
  146  10:53  Probe x3  
  149  11:03  Carrier x2  
  161  11:05  Probe x2  
  163  11:16  Observer  
  164  11:18  Zealot  
  164  11:19  Zealot x4  
  160  11:35  Zealot  
  160  11:37  Protoss Air Weapons Level 1  
  160  11:39  Zealot  
  162  11:40  Protoss Ground Weapons Level 2  
  162  11:41  High Templar  
  162  11:42  High Templar  
  162  11:43  Carrier  
  170  11:53  Probe x3  
  173  11:54  Probe  
  174  12:05  Probe x2  
  182  12:11  Zealot x2  
  182  12:29  Zealot  
  191  12:43  Pylon  
  186  12:46  Shield Battery x2  
  186  12:49  Zealot  
  186  12:50  Zealot x2  
  171  13:01  Zealot x5  
  158  13:06  Probe x2  
  158  13:08  Probe  
  143  13:20  Probe  
  143  13:21  Probe x2  
  143  13:26  Carrier  
  152  13:33  Probe x3  
  145  13:45  Probe x3  
  148  13:50  Stargate  
  148  13:53  Stargate  
  148  13:55  Photon Cannon  
  148  13:57  Photon Cannon, Probe x2  
  148  14:02  High Templar x3  
  156  14:06  Photon Cannon, Probe  
  156  14:08  Archon, Photon Cannon  
  156  14:09  Probe x2, High Templar  
  161  14:17  Zealot  
  161  14:18  Zealot x2  
  161  14:19  Archon  
  161  14:22  Nexus  
  167  14:49  Zealot x2  
  157  15:05  Probe x2  
  157  15:06  Probe x2  
  155  15:17  Probe  
  155  15:18  Probe x3  
  159  15:22  High Templar x3  
  165  15:30  Probe x4  
  169  15:37  Gateway  
  169  15:41  Probe  
  169  15:42  Probe  
  170  15:46  Probe x2  
  170  15:49  Probe  
  174  15:50  Probe x2  
  176  15:58  Stalker  
  176  16:01  Probe  
  179  16:13  Zealot x3  
  179  16:14  Zealot  
  179  16:54  Carrier  
  185  17:03  High Templar  
  184  17:17  Carrier  
  183  17:27  Carrier  
  185  17:33  Protoss Air Weapons Level 2  
  163  17:59  High Templar x5  
  163  18:00  High Templar  
  163  18:03  Probe x3  
  163  18:04  Probe  
  163  18:05  Probe  
  180  18:06  Archon  
  180  18:07  Archon x2  
  180  18:14  Nexus  
  180  18:15  Probe  
  179  18:29  Immortal x2  
  183  18:35  Gateway  
  183  19:21  Carrier x2  
  133  19:33  Carrier  
  133  19:35  High Templar x4  
  114  19:50  Protoss Air Armor Level 1  
  114  19:53  Immortal  
  114  20:05  Immortal  
  122  20:10  Archon  
  122  20:19  Stalker  
  122  20:20  Stalker x3  
  127  20:23  Immortal  
  131  20:36  Zealot x2  
  135  20:42  Nexus  
  135  20:44  Immortal  
  135  20:46  Pylon  
  139  20:51  Assimilator  
  139  20:52  Assimilator  
  139  20:54  Pylon  
  139  20:56  Zealot  
  141  21:02  Observer  
  146  21:06  Photon Cannon  
  146  21:07  Photon Cannon  
  146  21:09  Photon Cannon  
  146  21:10  Void Ray  
  146  21:11  Photon Cannon, Void Ray  
  150  21:13  Photon Cannon  
  150  21:25  Zealot  
  152  21:26  Zealot x6  
  164  21:37  Void Ray  
  168  21:53  Void Ray  
  162  22:12  High Templar x2  
  162  22:15  Immortal  
  160  22:18  Archon  
  158  22:25  Archon  
  113  22:40  Zealot, High Templar x2  
  113  22:41  Zealot x2  
  117  22:46  Zealot x2  
  110  23:07  Zealot x2  
  110  23:08  Zealot x3  
  110  23:10  Protoss Ground Weapons Level 3  
  120  23:18  Immortal x2  
  128  23:34  High Templar  
  128  23:38  Nexus  
  128  23:40  Zealot, High Templar  
  128  23:41  Zealot x4  
  142  23:49  Nexus  
  142  23:52  Assimilator  
  142  23:54  Assimilator  
  142  23:57  Assimilator  
  142  24:00  Immortal  
  142  24:05  Zealot  
  145  24:26  Carrier  
  145  24:29  Dark Shrine  
  145  24:38  Carrier, High Templar x2  
  149  24:51  Pylon  
  149  24:56  Pylon  
  149  24:58  Carrier  
  137  25:17  Zealot  
  137  25:18  Zealot x6  
  143  25:26  Shield Battery  
  143  25:28  Shield Battery  
  143  25:30  Shield Battery  
  133  25:42  Stalker  
  133  25:45  Zealot  
  133  25:46  Zealot x4  
  130  26:10  Carrier  
  142  26:31  Observer  
  142  26:37  Observer  
  144  26:42  Nexus, Dark Templar  
  146  26:47  Dark Templar  
  146  26:50  Carrier  
  146  26:54  Dark Templar  
  149  27:43  Carrier  
  149  27:51  Dark Templar  
  157  28:02  Mothership  
  155  28:15  Nexus  
  155  28:19  Pylon  
  159  28:31  Carrier  
  151  28:49  High Templar x3  
  151  28:52  Pylon  
  157  28:56  Forge  
  157  28:59  Zealot x4  
  165  29:12  Shield Battery  
  165  29:13  Shield Battery, Tempest  
  171  29:19  Assimilator  
  171  29:23  Observer, Assimilator  
  171  29:24  Observer  
  173  29:30  Dark Templar  
  172  29:46  Zealot x2, Void Ray  
  172  29:47  Void Ray, Zealot x4  
  185  30:02  Protoss Ground Armor Level 1  
  185  30:11  Probe  
  186  30:14  Probe x4  
  190  30:26  Probe x3  
  193  30:41  Stalker x3  
  191  30:44  Dark Templar  
  191  30:47  Dark Templar  
  191  30:49  Probe  
  188  30:50  Probe  
  185  31:05  High Templar x2  
  185  31:09  Archon  
  189  31:14  Protoss Air Weapons Level 3  
  189  31:18  Void Ray x2  
  197  31:59  Zealot  
  110  32:32  High Templar  
  110  32:34  Blink  
  92  32:39  High Templar x2  
  84  32:44  Archon  
  84  32:49  Stalker  
  84  32:50  Stalker x3  
  92  33:02  Probe x5  
  97  33:05  High Templar  
  97  33:08  Observer x2  
  101  33:14  Probe  
  101  33:15  Zealot  
  101  33:16  Zealot  
  101  33:19  Zealot  
  108  33:21  Zealot x2  
  108  33:22  Zealot  
  93  33:38  Zealot  
  93  33:42  Dark Templar  
  93  33:43  Dark Templar x2  
  98  33:53  Probe  
  99  34:10  Nexus  
  99  34:11  High Templar x2  
  103  34:27  Pylon  
  102  34:37  Stalker  
  102  34:38  Stalker x3  
  110  34:50  Immortal  
  114  35:04  Immortal  
  118  35:09  Probe  
  118  35:11  Photon Cannon  
  118  35:12  Probe x2  
  118  35:13  Probe  
  107  35:28  Archon  
  107  35:34  Stalker  
  107  35:35  Stalker x3  
  77  36:09  Probe  
  78  36:13  Cybernetics Core  
  78  36:14  Gateway  
  78  36:16  Archon, Gateway  
  78  36:21  Probe  
  79  36:29  Zealot x2  
  78  36:33  Probe  
  78  36:36  Probe x3  
  77  36:45  Probe  
  70  36:54  Zealot x2  
Show
View Real Time Build Order
Export as new Build Order

Neuro Zerg - Winner!

Build Orders: Hatch First 

Get SALT Encoding   

  12  0:01  Drone  
  13  0:13  Overlord  
  13  0:18  Drone  
  14  0:31  Drone x2  
  16  0:39  Drone  
  17  0:52  Hatchery  
  17  0:56  Drone  
  17  0:59  Drone  
  18  1:10  Extractor  
  17  1:15  Spawning Pool  
  17  1:17  Drone  
  17  1:20  Drone  
  18  1:30  Drone  
  19  1:42  Drone  
  20  1:54  Drone  
  20  1:55  Hatchery  
  20  2:05  Drone x2  
  22  2:13  Queen  
  22  2:14  Drone  
  25  2:18  Drone  
  26  2:24  Overlord  
  26  2:28  Metabolic Boost  
  26  2:34  Zergling x4  
  28  2:45  Drone  
  28  2:48  Queen, Drone  
  28  2:49  Drone  
  33  3:00  Drone x2  
  35  3:06  Overlord  
  35  3:17  Zergling x6  
  38  3:23  Drone x4  
  42  3:29  Queen x2  
  42  3:31  Spore Crawler  
  42  3:33  Spore Crawler  
  44  3:37  Drone x3  
  47  3:42  Overlord  
  47  3:45  Overlord  
  47  3:57  Drone x3  
  50  4:03  Drone x6  
  56  4:14  Drone x3  
  56  4:20  Lair  
  56  4:22  Drone x2  
  56  4:23  Extractor  
  57  4:25  Evolution Chamber  
  57  4:31  Overlord x2  
  56  4:39  Extractor  
  56  4:41  Spore Crawler  
  56  4:42  Drone x3  
  56  4:43  Drone  
  56  4:44  Overlord x2  
  58  4:53  Zerg Melee Weapons Level 1  
  58  4:54  Drone x5  
  58  4:56  Zergling x2, Baneling Nest  
  63  5:04  Drone x5  
  68  5:20  Hatchery  
  67  5:23  Drone x6  
  67  5:24  Hydralisk Den  
  67  5:26  Zergling x4  
  74  5:30  Overlord  
  74  5:34  Drone x5  
  79  5:41  Centrifical Hooks  
  79  5:43  Baneling x4  
  79  5:44  Zergling x6  
  82  6:01  Overlord  
  82  6:03  Overlord, Extractor x2, Grooved Spines  
  82  6:04  Overlord x5  
  80  6:05  Drone  
  80  6:06  Drone  
  82  6:13  Queen  
  84  6:23  Pneumatized Carapace  
  84  6:31  Overlord x2  
  84  6:32  Hydralisk x3  
  90  6:37  Drone x4  
  90  6:38  Drone x5  
  99  6:40  Queen  
  99  6:47  Overlord  
  101  6:48  Spore Crawler  
  101  6:50  Zerg Melee Weapons Level 2  
  101  6:53  Zergling x14  
  104  7:02  Zergling x12  
  104  7:05  Hydralisk  
  110  7:14  Muscular Augments  
  108  7:17  Overseer  
  108  7:19  Overseer  
  108  7:23  Drone x6  
  114  7:32  Zergling x26  
  114  7:33  Spore Crawler  
  126  7:43  Hydralisk x5  
  136  7:53  Hatchery  
  136  7:55  Zergling x4  
  136  7:56  Zergling x10  
  142  8:02  Hydralisk x3  
  142  8:03  Hydralisk x4  
  155  8:09  Overlord x2  
  155  8:11  Hydralisk  
  155  8:12  Hydralisk  
  159  8:18  Infestation Pit  
  158  8:21  Baneling x2  
  158  8:22  Baneling x2  
  158  8:30  Overlord  
  158  8:31  Overlord  
  158  8:32  Overlord  
  158  8:33  Hydralisk x5  
  166  8:49  Zergling x4  
  166  8:50  Zergling x20  
  166  8:53  Zergling x2  
  178  8:59  Hive  
  177  9:04  Spire  
  177  9:05  Extractor  
  177  9:06  Queen  
  177  9:07  Overlord  
  177  9:08  Overlord x2  
  177  9:09  Drone x4  
  182  9:10  Drone  
  182  9:11  Extractor x2  
  182  9:13  Spine Crawler  
  178  9:22  Zerg Ground Armor Level 1  
  178  9:29  Evolution Chamber, Baneling x9  
  178  9:30  Baneling  
  177  9:32  Zergling x20  
  177  9:33  Zergling x6  
  190  9:46  Overseer  
  190  9:59  Zergling x6  
  196  10:00  Zergling x14  
  200  10:13  Adrenal Glands  
  199  10:22  Greater Spire  
  199  10:24  Pathogen Glands, Overlord x3  
  199  10:27  Ultralisk Cavern  
  199  10:28  Zerg Melee Weapons Level 3  
  184  11:04  Extractor  
  180  11:08  Extractor  
  179  11:15  Chitinous Plating  
  179  11:17  Zerg Ground Armor Level 2  
  178  11:18  Nydus Network  
  163  11:43  Corruptor x11  
  184  11:58  Spore Crawler, Baneling x7  
  184  11:59  Spore Crawler x2, Zergling x26  
  184  12:00  Spore Crawler  
  184  12:01  Spore Crawler  
  189  12:23  Nydus Canal  
  189  12:32  Ultralisk  
  194  12:38  Zerg Flyer Armor Level 1  
  179  12:58  Drone x13  
  179  13:14  Spore Crawler x3  
  179  13:15  Spore Crawler  
  179  13:16  Spore Crawler x2, Nydus Canal  
  179  13:17  Spore Crawler  
  159  13:28  Ultralisk x6  
  188  13:41  Nydus Canal  
  188  13:47  Infestor, Neural Parasite  
  188  13:48  Infestor  
  192  13:54  Drone  
  192  13:55  Drone x4  
  197  13:56  Overseer  
  197  14:02  Overseer  
  197  14:03  Spore Crawler  
  197  14:08  Infestor  
  198  14:23  Baneling  
  198  14:24  Baneling x6  
  198  14:30  Hatchery, Spore Crawler  
  194  14:48  Burrow  
  192  14:56  Ultralisk  
  189  15:13  Zergling x24  
  199  15:21  Zerg Ground Armor Level 3  
  199  15:22  Zerg Missile Weapons Level 1  
  199  15:24  Hatchery, Zerg Flyer Armor Level 2  
  199  15:28  Overseer  
  198  15:29  Spore Crawler  
  198  15:32  Nydus Canal  
  197  16:09  Nydus Canal  
  169  16:30  Nydus Canal  
  165  16:45  Infestor x3  
  165  16:49  Nydus Canal  
  165  16:57  Corruptor x9  
  183  17:24  Extractor x2  
  155  17:40  Hatchery  
  155  17:41  Zerg Flyer Weapons Level 1  
  134  17:56  Hatchery  
  134  17:57  Overlord x9  
  133  17:59  Overseer  
  133  18:04  Drone x3  
  136  18:17  Infestor x2  
  136  18:19  Infestor  
  141  18:28  Infestor  
  141  18:29  Infestor  
  145  18:45  Corruptor x2  
  147  19:13  Corruptor x5  
  151  19:30  Corruptor  
  151  19:31  Corruptor  
  151  19:58  Hatchery  
  150  20:09  Ultralisk  
  154  20:35  Overseer  
  154  20:36  Infestor x5  
  164  20:45  Infestor  
  164  20:46  Infestor  
  164  20:49  Drone  
  169  20:50  Drone  
  170  21:10  Drone x3  
  173  21:30  Corruptor x2  
  173  21:31  Corruptor x2  
  181  21:44  Overseer x2  
  181  21:47  Drone x3  
  137  22:36  Zergling x18  
  137  22:37  Zergling x12  
  122  22:53  Ultralisk x2  
  122  22:56  Baneling  
  122  22:57  Baneling  
  118  23:06  Infestor x4  
  118  23:11  Zergling x14  
  118  23:12  Zergling x10  
  126  23:14  Drone x3  
  126  23:17  Overseer  
  129  23:23  Brood Lord  
  131  23:31  Extractor  
  130  23:39  Queen x3  
  136  23:43  Hatchery  
  135  23:53  Brood Lord  
  137  23:59  Zergling x2  
  137  24:00  Zergling x18  
  147  24:16  Queen x2  
  147  24:17  Queen  
  146  24:22  Drone x5  
  156  24:28  Brood Lord  
  158  24:35  Brood Lord  
  160  24:49  Drone x6  
  160  25:26  Hatchery, Drone x8  
  160  25:27  Drone x4  
  171  25:34  Nydus Canal  
  158  26:04  Nydus Canal  
  158  26:09  Infestor x6  
  168  26:37  Drone x3  
  168  26:38  Drone x2  
  168  26:39  Extractor x2, Drone x3  
  174  26:41  Queen x5  
  184  27:24  Corruptor x5  
  184  27:25  Corruptor x3  
  192  27:57  Extractor  
  192  27:58  Spore Crawler  
  190  27:59  Extractor  
  190  28:00  Spine Crawler  
  190  28:01  Drone x3, Spine Crawler  
  190  28:03  Spine Crawler  
  185  28:57  Drone x5  
  190  29:04  Overseer  
  190  29:11  Zergling x12  
  191  29:48  Corruptor x2  
  191  29:49  Corruptor x2  
  193  30:08  Zerg Flyer Armor Level 3  
  193  30:45  Spine Crawler x2  
  193  30:47  Spine Crawler  
  190  30:51  Hatchery  
  190  30:53  Spore Crawler  
  182  31:00  Spine Crawler  
  182  31:02  Spine Crawler  
  182  31:03  Spine Crawler  
  182  31:04  Ultralisk x5  
  197  31:25  Drone x3  
  200  31:29  Spore Crawler, Spine Crawler  
  200  31:31  Overseer x2  
  197  31:59  Baneling x8  
  197  32:00  Baneling x2  
  175  32:16  Brood Lord  
  175  32:17  Brood Lord  
  175  32:19  Zergling x18  
  175  32:20  Zergling x16  
  151  32:31  Zergling x14  
  156  32:43  Ultralisk x2  
  156  32:44  Ultralisk x4  
  192  32:45  Zerg Flyer Weapons Level 2  
  192  33:01  Hatchery  
  191  33:07  Spore Crawler  
  191  33:08  Spore Crawler  
  191  33:10  Spore Crawler  
  188  33:20  Drone x2  
  188  33:28  Spore Crawler  
  188  33:31  Spore Crawler x2  
  188  33:33  Spore Crawler  
  163  33:39  Ultralisk x2  
  163  33:40  Zergling x24  
  163  33:41  Zergling x6  
  187  33:48  Infestor x2  
  191  33:58  Spore Crawler  
  191  33:59  Spine Crawler  
  189  34:07  Spine Crawler  
  189  34:08  Spore Crawler  
  187  34:12  Baneling  
  187  34:15  Baneling  
  187  34:16  Queen x2, Baneling x3  
  191  34:21  Infestor  
  193  34:26  Drone x7  
  196  34:52  Nydus Canal  
  189  34:57  Overseer  
  150  35:54  Zergling x38  
  169  35:58  Lair  
  167  36:09  Brood Lord  
  167  36:10  Brood Lord x3  
  173  36:26  Extractor  
  173  36:27  Extractor  
  162  36:45  Zergling x24  
  171  36:47  Zergling x2  
  171  36:48  Zergling x16  
Tags
 
Add a new tag
Caveats
  • Supply blocks, unpowered buildings, or Contaminate may cause inaccurate times.
  • Supply counts are checked every 10 seconds.